 Dungeon Crawl Stone Soup version 0.28.0-53-g5a82cb258f (webtiles) character file.

Game seed: 507462606878751792

114 cbfl8 the Poker (level 4, -5/35 HPs)
             Began as a Merfolk Gladiator on Nov 29, 2022.
             Killed by divine providence
             ... invoked by an orc priest
              (13 damage)
             ... on level 4 of the Dungeon.
             The game lasted 00:02:31 (2598 turns).

cbfl8 the Poker (Merfolk Gladiator)                 Turns: 2598, Time: 00:02:32

Health: -5/35      AC:  9    Str: 16    XL:     4   Next: 98%
Magic:  4/4        EV:  7    Int:  7    God:
Gold:   111        SH:  4    Dex: 15    Spells: 3/3 levels left

rFire   x . .      SeeInvis .   a - +0 trident
rCold   + . .      Faith    .   e - +0 buckler
rNeg    . . .      Spirit   .   h - +0 chain mail
rPois   .          Reflect  .   c - +0 helmet
rElec   .          Harm     .   (no cloak)
rCorr   .          Rampage  .   (no gloves)
Will    .....                   (no boots)
Stlth   ..........              (no amulet)
HPRegen 0.11/turn               g - ring of ice
MPRegen 0.09/turn               (no ring)

@: no status effects
A: (nimble swimmer 2), mertail
a: no special abilities


You were on level 4 of the Dungeon.
You visited 1 branch of the dungeon, and saw 4 of its levels.

You collected 111 gold pieces.

Inventory:

Hand Weapons
 a - a +0 trident (weapon)
Missiles
 d - 3 throwing nets (quivered)
Armour
 c - a +0 helmet (worn)
 e - a +0 buckler (worn)
 h - a +0 chain mail (worn)
Jewellery
 g - a ring of ice (left hand)


   Skills:
 * Level 3.0 Fighting
 * Level 6.2 Polearms
 + Level 2.0 Throwing
 + Level 0.7 Armour
 + Level 4.4 Dodging
 + Level 0.4 Stealth
 + Level 0.7 Shields
 * Level 1.0 Evocations


You had 3 spell levels left.
You didn't know any spells.
Your spell library contained the following spells:

 Spells                   Type           Power      Damage    Failure   Level
 Corpse Rot               Necr/Air       0%         N/A       100%        2
 Poisonous Vapours        Pois/Air       0%         N/A       100%        2
 Alistair's Intoxication  Tmut/Pois      0%         N/A       100%        5
 Borgnjor's Vile Clutch   Necr/Erth      0%         N/A       100%        5
 Eringya's Noxious Bog    Tmut/Pois      0%         N/A       100%        6


Dungeon Overview and Level Annotations

Branches:
Dungeon (4/15)
 Temple: D:4-7

Altars:
Elyvilon


Innate Abilities, Weirdness & Mutations

((You are very nimble when in or above water. (Stealth+, EV+, Speed+++)))
Your lower body shifts to a powerful aquatic tail in water.


Message History

The gnoll closely misses you.
You barely miss the gnoll. The gnoll barely misses you.
The gnoll hits you from afar with a +0 halberd.
* * * LOW HITPOINT WARNING * * *
You block the gnoll's attack.
There is a stone staircase leading down here.
You climb downwards.
Found a stone staircase leading down.
There is a stone staircase leading up here.
Found a scroll labelled JYTRITZ MUTWEA.
An orc comes into view. It is wielding a +0 falchion.
An orc comes into view. It is wielding a +0 mace.
An orc comes into view. It is wielding a +0 hand axe.
The orc shouts! x2; You hear a shout!
An adder and 2 orcs come into view.
The adder hisses angrily.
The orc shouts!
As you read the scroll labelled MOMMINW SIAN, it crumbles to dust.
Wisps of shadow whirl around you...
It was a scroll of summoning.
An orc priest comes into view.
It is wielding a +1 short sword of venom.
An orc comes into view. It is wielding a +0 mace.
The orc barely misses your water moccasin skeleton.
The orc hits your hound skeleton with a +0 falchion.
You swap places.
The orc hits your water moccasin skeleton with a +0 hand axe.
Your hound skeleton bites the orc.
Your water moccasin skeleton bites the orc.
The orc hits your hound skeleton with a +0 falchion!
The orc hits your water moccasin skeleton with a +0 hand axe!
The adder bites your dart slug.
Your water moccasin skeleton bites the orc.
The orc dies!
Your kobold hits the orc with a +0 dagger.
The orc hits your dart slug with a +0 mace.
Your hound skeleton bites the orc.
Something stings your hound skeleton.
Your dart slug launches a dart at the orc.
The slug dart hits the adder.
The orc hits your kobold but does no damage.
The orc priest invokes the aid of Beogh against you.
Beogh smites you!
You die...

##### ..... ####### ..o
.. .....##########o##...
..........@Z.wo.o..
.#.#####.########Z#So#.##
>.....<.........sKo......
.#.###.#.##.##########.##
#.#.##.# # #.#.##.#
#.#.#... ..#.#...
###.#....


You could see an orc priest, an adder, 4 orcs, a friendly dart slug (summoned),
a friendly kobold (summoned), a friendly water moccasin skeleton (summoned) and
a friendly hound skeleton (summoned).

Vanquished Creatures
  A gnoll (D:3)
  2 adders (D:2)
  2 worms
  2 dart slugs
  12 ball pythons
  4 bats
  8 endoplasms
  6 goblins
  10 hobgoblins
  3 jackals (D:2)
  5 kobolds
  5 quokkas
  2 frilled lizards
  2 rats (D:3)
64 creatures vanquished.

Vanquished Creatures (collateral kills)
  An orc (D:4)
1 creature vanquished.

Grand Total: 65 creatures vanquished

Notes
Turn   | Place    | Note
-------+----------+-------------------------------------------
     0 | D:1      | cbfl8 the Merfolk Gladiator began the quest for the Orb.
     0 | D:1      | Reached XP level 1. HP: 16/16 MP: 1/1
   171 | D:1      | Reached XP level 2. HP: 22/23 MP: 2/2
   211 | D:1      | Reached skill level 5 in Polearms
   417 | D:1      | Reached XP level 3. HP: 26/28 MP: 3/3
   502 | D:1      | Found a faded altar of an unknown god.
  1288 | D:2      | Found a white marble altar of Elyvilon.
  1445 | D:2      | Reached XP level 4. HP: 34/34 MP: 4/4
  2076 | D:3      | Reached skill level 6 in Polearms
  2574 | D:3      | Reached skill level 1 in Evocations
  2583 | D:4      | Noticed a scorpion
  2598 | D:4      | Killed from afar by an orc priest

Illustrated notes

Levels and vault maps discovered:
D:1:      dpeg_arrival_three_bigger_balls, layout_basic,
          ebering_ecumenical_altar_sacrificial, hex_intersection
D:2:      layout_rooms, basic_altar
D:3:      layout_basic
D:4:      layout_basic, minmay_manual_mess

Skill      XL: |  1  2  3  4 |
---------------+-------------+-----
Polearms       | 5 6 |  6.2
Fighting       | 3 |  3.0
Evocations     | 1 |  1.0
Throwing       | |  2.0
Armour         | |  0.7
Dodging        | |  4.4
Stealth        | |  0.4
Shields        | |  0.7

Action                   |  1- 3 |  4- 6 || total
-------------------------+-------+-------++-------
Melee: Trident           |   106 |    64 ||   170
  Use: Scroll            |       |     1 ||     1
 Stab: Sleeping          |     2 |       ||     2
Armor: Leather armour    |    24 |     1 ||    25
       Chain mail        |       |    13 ||    13
Dodge: Dodged            |    78 |    19 ||    97
Block: Buckler           |     3 |     9 ||    12
